 Dungeon Crawl Stone Soup version 0.21-a0-348-ga060c75 (webtiles) character file.

23 4thArraOfDagon the Skirmisher (level 2, -1/24 HPs)
             Began as a Mummy Monk on Oct 6, 2017.
             Slain by a kobold
             ... wielding a +2 short sword of venom
              (2 damage)
             ... on level 2 of the Dungeon.
             The game lasted 00:01:23 (362 turns).

4thArraOfDagon the Skirmisher (Mummy Monk)           Turns: 362, Time: 00:01:24

Health: -1/24      AC:  2    Str: 14    XL:     2   Next: 72%
Magic:  2/2        EV: 13    Int: 14    God:
Gold:   41         SH:  0    Dex: 14    Spells: 1/1 levels left

rFire    x . .     SeeInvis .   a - +0 mace
rCold    + . .     Gourm    .   (no shield)
rNeg     + + +     Faith    .   b - +0 robe
rPois    ∞         Spirit   .   (no helmet)
rElec    .         Reflect  .   (no cloak)
rCorr    .         Harm     .   (no gloves)
MR       .....                  (no boots)
Stlth    ++........             (no amulet)
HPRegen  0.08/turn              d - +5 ring of intelligence
MPRegen  0.08/turn              (no ring)

@: no status effects
A: no food or potions, fire vulnerability, cold resistance 1, negative energy
resistance 3, torment resistance, unbreathing
a: no special abilities


You were on level 2 of the Dungeon.
You were not hungry.

You visited 1 branch of the dungeon, and saw 2 of its levels.

You collected 41 gold pieces.

Inventory:

Hand Weapons
 a - a +0 mace (weapon)
Armour
 b - a +0 robe (worn)
Jewellery
 d - a +5 ring of intelligence (left hand)
Scrolls
 c - a scroll of remove curse {unknown}
 e - a scroll of enchant weapon {unknown}
 f - a scroll of enchant armour {unknown}


   Skills:
 + Level 3.3 Fighting
 - Level 2.4 Maces & Flails
 + Level 0.9 Armour
 + Level 2.7 Dodging
 - Level 1.5 Stealth


You had one spell level left.
You didn't know any spells.

Dungeon Overview and Level Annotations

Branches:
Dungeon (2/15)

Altars:


Innate Abilities, Weirdness & Mutations

You do not eat or drink.
Your flesh is vulnerable to fire.
You are immune to poison.
Your flesh is cold resistant. (rC+)
You are immune to negative energy. (rN+++)
You are immune to unholy pain and torment.
You can survive without breathing.


Message History

You hit the goblin.
You kill the goblin!
You hit the kobold but do no damage.
The kobold hits you with a short sword of venom.
* * * LOW HITPOINT WARNING * * *
The kobold hits you with a short sword of venom.
* * * LOW HITPOINT WARNING * * *
You hit the kobold.
The kobold is severely wounded.
The kobold hits you but does no damage.
Unknown command.
Things that are here:
a short sword; a kobold corpse Unknown command.
You can't drink.
Unknown command.
You hit the kobold but do no damage.
The kobold is severely wounded.
The kobold hits you with a short sword of venom.
You die...

#........###..........##### .
#..............w... ...... .
#.##.#.....###....# #....# ..
#.##.###.#.# #....# #....# ..
#.##.# #.#.# #....###....### ...
########.#.# #.............#
K..##8###8##.#.####+#†###....#
.............#gK....#†###<..#...
.8!...........##@..##.#........#
..............##...##.#.#.....##
...##8###8#...##...##.#.#.####...
... ### ########...##.#.#...# #.
.. ######.#..##. .. #(##.# .# .
#....# . . #....# ## #....#


You could see a hobgoblin and a kobold.

Vanquished Creatures
  A leopard gecko (D:1)
  4 bats
  2 giant cockroaches (D:2)
  2 goblins (D:2)
  A hobgoblin (D:1)
  3 jackals (D:2)
  A ball python (D:1)
  A frilled lizard (D:1)
  4 kobolds
  2 rats (D:1)
21 creatures vanquished.

Notes
Turn   | Place    | Note
-------+----------+-------------------------------------------
     0 | D:1      | 4thArraOfDagon the Mummy Monk began the quest for the Orb.
     0 | D:1      | Reached XP level 1. HP: 18/18 MP: 1/1
   182 | D:1      | Reached XP level 2. HP: 15/24 MP: 2/2
   359 | D:2      | HP: 1/24 [kobold/short sword of venom (3)]
   362 | D:2      | Slain by a kobold

Vault maps used:
D:1:      nicolae_arrival_memento_mori, nemelex_diamond_rough_becter
D:2:      nicolae_overflow_hidden_temple, serial_corexii_hall,
          corexii_hall_statues_l, corexii_hall_statues_x, fountainhead,
          nemelex_lonely_heart_becter

Action                   || total
-------------------------++-------
Melee: Mace              ||    75
Armor: Robe              ||    26
Dodge: Dodged            ||    67

Table legend:
 A = Spawn XP
 B = Non-spawn XP
 C = Spawn XP percentage of total XP
 D = Spawn monster count
 E = Non-spawn monster count
 F = Spawn count percentage of total count
 G = Total turns spent on level
                    A         B        C        D         E        F      G
               +---------+---------+-------+---------+---------+-------+---------
         Total |       0 |      33 |   0.0 |       0 |      21 |   0.0 |   362
               +---------+---------+-------+---------+---------+-------+---------
           D:1 |       0 |      16 |   0.0 |       0 |      11 |   0.0 |   235
           D:2 |       0 |      17 |   0.0 |       0 |      10 |   0.0 |   127
               +---------+---------+-------+---------+---------+-------+---------
